 Seeded DCSS version 0.29-a0-360-g8ed1089bbe (webtiles) character file.

Game seed: 20220428 (custom seed)

121 klau3 the Slasher (level 4, -5/41 HPs)
             Began as a Minotaur Berserker on Apr 28, 2022.
             Was a Believer of Trog.
             Slain by a gnoll
             ... wielding a +1 halberd of distortion
              (7 damage)
             ... on level 2 of the Dungeon.
             The game lasted 00:05:42 (2057 turns).

klau3 the Slasher (Minotaur Berserker)              Turns: 2057, Time: 00:05:43

Health: -5/41      AC:  2    Str: 23    XL:     4   Next: 76%
Magic:  3/3        EV: 12    Int:  4    God:    Trog [**....]
Gold:   76         SH:  0    Dex: 10    Spells: 3/3 levels left

rFire   . . .      SeeInvis .   a - +0 falchion
rCold   . . .      Faith    .   (no shield)
rNeg    . . .      Spirit   .   b - +0 animal skin
rPois   .          Reflect  .   (helmet restricted)
rElec   .          Harm     .   (no cloak)
rCorr   .          Rampage  .   (no gloves)
Will    .....                   (no boots)
Stlth   +.........              (no amulet)
HPRegen 0.13/turn               (no ring)
MPRegen 0.08/turn               (no ring)

@: no status effects
A: horns 2, retaliatory headbutt
a: Renounce Religion, Berserk, Trog's Hand


You were on level 2 of the Dungeon.
You worshipped Trog.
Trog was pleased with you.
You visited 1 branch of the dungeon, and saw 2 of its levels.

You collected 76 gold pieces.

Inventory:

Hand Weapons
 a - a +0 falchion (weapon)
 c - a +0 war axe
Armour
 b - a +0 animal skin (worn)
Scrolls
 i - 3 scrolls of vulnerability {unknown}
 j - a scroll of identify {unknown}
Potions
 d - 4 potions of heal wounds {unknown}
 e - a potion of might {unknown}
 f - 2 potions of curing {unknown}
 g - 2 potions of invisibility {unknown}
 h - a potion of brilliance {unknown}


   Skills:
 + Level 4.9 Fighting
 + Level 5.1 Long Blades
 + Level 2.6 Armour
 + Level 2.9 Dodging
 + Level 0.4 Stealth


You had 3 spell levels left.
You didn't know any spells.
Your spell library contained the following spells:

 Spells                   Type           Power      Damage    Failure   Level
 Sublimation of Blood     Necr           0%         N/A       65%         2
 Wereblood                Tmut           0%         N/A       65%         2
 Ignite Poison            Fire/Tmut/Pois 0%         N/A       86%         3
 Mephitic Cloud           Conj/Pois/Air  0%         N/A       86%         3
 Freezing Cloud           Conj/Ice/Air   0%         6-21      100%        5
 Summon Hydra             Summ           0%         N/A       100%        7


Dungeon Overview and Level Annotations

Branches:
Dungeon (2/15)

Altars:


Innate Abilities, Weirdness & Mutations

You have a pair of horns on your head.
You reflexively headbutt those who attack you in melee.


Message History

You hit the gnoll.
The gnoll is severely wounded.
The gnoll barely misses you. You furiously retaliate!
You headbutt the gnoll.
You kill the gnoll!
Trog accepts your kill. The gnoll barely misses you.
The frilled lizard bites you but does no damage.
Items here: ( )) †.
You closely miss the gnoll. The gnoll hits you with a +0 whip.
The frilled lizard bites you but does no damage.
You hit the gnoll.
The gnoll is lightly wounded.
The gnoll hits you with a +0 whip! The frilled lizard barely misses you.
You hit the gnoll but do no damage. You headbutt the gnoll.
The gnoll is heavily wounded.
The gnoll hits you with a +0 whip. The frilled lizard closely misses you.
You hit the gnoll.
The gnoll is severely wounded.
The gnoll barely misses you. You furiously retaliate!
You headbutt the gnoll!
You kill the gnoll!
Trog accepts your kill.
The frilled lizard bites you but does no damage.
Your Long Blades skill increases to level 5!
The frilled lizard attacks as you move away!
The frilled lizard barely misses you.
The frilled lizard attacks as you move away!
The frilled lizard misses you. You furiously retaliate!
You headbutt the frilled lizard, but do no damage.
The frilled lizard attacks as you move away!
The frilled lizard bites you.
You hit the frilled lizard.
Your headbutt misses the frilled lizard.
The frilled lizard is heavily wounded.
The frilled lizard bites you.
You hit the frilled lizard but do no damage.
The frilled lizard is heavily wounded.
The gnoll hits you from afar with a +1 halberd of distortion!
* * * LOW HITPOINT WARNING * * *
Space warps around you!
You die...

.## #.# #..
####.# #.#
#..
#_^..###.#
#.. #.)##.#
#..
...l.g.#)##.#
#..
.....g.#.##.#
#..
.......#g##.#
.......#l##.#
#......#@.#.#
#......##.#.#
#...... #...#
##..# #..#
#.># ##.# #.#
#.#


You could see a gnoll and a frilled lizard.

Vanquished Creatures
  Natasha (twice) (D:2)
  3 gnolls
  A worm (D:2)
  2 ball pythons (D:1)
  6 endoplasms
  A giant cockroach (D:1)
  4 goblins
  3 hobgoblins (D:1)
  3 kobolds
  4 quokkas
  4 bats
  3 frilled lizards (D:1)
  A rat (D:1)
37 creatures vanquished.

Vanquished Creatures (others)
  3 plants (D:1)
3 creatures vanquished.

Grand Total: 40 creatures vanquished

Notes
Turn   | Place    | Note
-------+----------+-------------------------------------------
     0 | D:1      | klau3 the Minotaur Berserker began the quest for the Orb.
     0 | D:1      | Reached XP level 1. HP: 19/19 MP: 0/0
   262 | D:1      | Reached XP level 2. HP: 25/27 MP: 1/1
   449 | D:1      | Reached skill level 4 in Long Blades
   472 | D:1      | Reached XP level 3. HP: 18/34 MP: 2/2
  1096 | D:1      | Reached ** piety under Trog
  1307 | D:2      | Noticed Natasha
  1323 | D:2      | Killed Natasha
  1602 | D:2      | Reached XP level 4. HP: 30/41 MP: 3/3
  1885 | D:2      | Noticed Natasha
  1891 | D:2      | Killed Natasha
  2035 | D:2      | Found a faded altar of an unknown god.
  2052 | D:2      | Reached skill level 5 in Long Blades
  2057 | D:2      | HP: 2/41 [gnoll/+1 halberd of distortion (15)]
  2057 | D:2      | Slain by a gnoll

Illustrated notes

Levels and vault maps discovered:
D:1:      tarquinn_simple_flora_water_e, layout_loops_ring, minmay_heptomino_o4
D:2:      layout_basic, hellmonk_ecumenical_altar_leap_of_faith, uniq_jessica,
          uniq_natasha

Skill      XL: |  1  2  3  4 |
---------------+-------------+-----
Fighting       | 4 |  4.9
Long Blades    | 4 5 |  5.1
Armour         | |  2.6
Dodging        | |  2.9
Stealth        | |  0.4

Action                   |  1- 3 |  4- 6 || total
-------------------------+-------+-------++-------
Melee: Falchion          |    70 |    21 ||    91
       Headbutt          |    13 |     6 ||    19
Armor: Animal skin       |     4 |     5 ||     9
Dodge: Dodged            |    42 |    14 ||    56

Table legend: (Time is in decaauts)
 A = Elapsed time spent in this place.
 B = Non-inter-level travel time spent in this place.
 C = Inter-level travel time spent in this place.
 D = Time resting spent in this place.
 E = Time spent auto-exploring this place.
 F = Levels seen in this place.
 G = Mean time per level.
                   A        B        C        D        E       F      G
               +--------+--------+--------+--------+--------+-----+--------+
         Total |   2074 |   2043 |     31 |    708 |    320 |   2 | 1037.0 |
       Dungeon |   2074 |   2043 |     31 |    708 |    320 |   2 | 1037.0 |
               +--------+--------+--------+--------+--------+-----+--------+

Top non-repeatable levels by time:
     D:1: 1302 daAuts
     D:2: 771 daAuts
